 Dungeon Sprint DCSS version 0.17-a0-1210-g1e4f09d (webtiles) character file.

8 Kidiri the Covert (level 2, -1/16 HPs)
             Began as a Spriggan Assassin on June 4, 2015.
             Was an Initiate of Dithmenos.
             Slain by a merfolk
             ... wielding a +0 trident
              (17 damage)
             ... in the Dungeon (Sprint V: "Ziggurat Sprint").
             The game lasted 00:01:22 (80 turns).

Kidiri the Covert (Spriggan Assassin)                 Turns: 80, Time: 00:01:22

Health: -1/16      AC:  3    Str:  7    XL:     2   Next: 0%
Magic:  4/4        EV: 20    Int: 12    God:    Dithmenos [......]
Gold:   0          SH:  0    Dex: 17    Spells: 0 memorised, 1 level left

rFire  . . .     SeeInvis +     K - +5 dagger
rCold  . . .     Clarity  .     c - +0 robe
rNeg   . . .     SustAt   .     (shield restricted)
rPois  .         Gourm    .     (helmet restricted)
rElec  .         Spirit   .     d - +0 cloak
rCorr  .         Warding  .     (gloves unavailable)
rMut   .         NoTele   +     (boots unavailable)
MR     .....                    (no amulet)
Stlth  ++++......               (no ring)
                                (no ring)

@: very quick, not resistant to hostile enchantments, stealthy
A: unfitting armour, see invisible, herbivore 3, speed 3, slow metabolism 2
a: Renounce Religion


You were in the Dungeon.
You worshipped Dithmenos.
Dithmenos was noncommittal.
You were not hungry.

You visited 1 branch

Inventory:

Hand weapons
 b - a +0 blowgun
 K - a +5 dagger (weapon)
 L - a +5 quick blade
Missiles
 e - 8 poisoned needles
 f - 2 curare-tipped needles
Armour
 c - a +0 robe (worn)
 d - a +0 cloak (worn)
Jewellery
 w - a +6 ring of dexterity
 x - a +6 ring of dexterity
 y - a +6 ring of intelligence
 z - a +6 ring of intelligence
 A - a +6 ring of strength
 B - a +6 ring of strength
Magical devices
 t - a wand of disintegration (7)
 u - a wand of cold (5)
 v - a wand of draining (5)
Scrolls
 m - 4 scrolls of blinking
 D - 4 scrolls of amnesia
 E - 3 scrolls of recharging
 F - 7 scrolls of fog
 G - a scroll of holy word
 H - 5 scrolls of identify
 I - 5 scrolls of remove curse
 J - 2 scrolls of fear
Potions
 h - 10 potions of curing
 i - 10 potions of heal wounds
 j - 6 potions of haste
 k - 7 potions of magic
 l - 3 potions of berserk rage
 n - 2 potions of brilliance
 o - 2 potions of invisibility
 p - 4 potions of resistance
 r - 5 potions of agility
 s - 5 potions of might
Comestibles
 g - 5 bread rations
 C - 42 fruits


   Skills:
 + Level 2.5 Fighting
 * Level 3.5 Short Blades
 + Level 3.3 Throwing
 * Level 5.0 Dodging
 * Level 8.0 Stealth
 + Level 2.2 Invocations


You had one spell level left.
You didn't know any spells.

Dungeon Overview and Level Annotations

Branches:
Dungeon (1/1)

Altars:
Ashenzari
Cheibriados
Dithmenos
Elyvilon
Fedhas
Gozag
Kikubaaqudgha
Makhleb
Nemelex Xobeh
Okawaru
Qazlal
Ru
Sif Muna
Trog
Vehumet
Xom
Yredelemnul
Zin
The Shining One
Beogh
Jiyva
Lugonu


Innate Abilities, Weirdness & Mutations

You are tiny and cannot use many weapons and most armour.
You have supernaturally acute eyesight.
You are a herbivore.
You cover ground extremely quickly.
You need consume almost no food.


Message History

You have reached level 2!
You start resting.
Magic restored.
Wield which item (- for none, * to show all)? (? for menu, Esc to quit)
L - a +5 quick blade (weapon)
You start resting.
HP restored.
Your surroundings seem different!
Welcome to arena 1. 2 merfolk come into view.
Found two items.
Use which ability? (? or * to list)
You can't do that.
Unknown command.
Wield which item (- for none, * to show all)? (? for menu, Esc to quit)
K - a +5 dagger (weapon)
The merfolk shouts! x2
The merfolk barely misses you.
The merfolk hits you from afar with a trident!
Ouch! That really hurt!
You die...

▓▓▓▓▓▓▓
▓.8©8.▓
▓.....▓
▓.m.m.▓
▓.....▓
▓..@..▓
▓.....▓
▓▓▓▓▓▓▓


You could see 2 merfolk.

Vanquished Creatures (others)
  Blork the orc (D)
1 creature vanquished.

Notes
Turn   | Place    | Note
--------------------------------------------------------------
     0 | D        | Kidiri the Spriggan Assassin began the quest for the Orb.
     0 | D        | Reached XP level 1. HP: 10/10 MP: 2/2
     0 | D        | Found a roughly hewn altar of Beogh.
     0 | D        | Found a viscous altar of Jiyva.
     0 | D        | Found a corrupted altar of Lugonu.
     0 | D        | Found a white marble altar of Elyvilon.
     0 | D        | Found a sparkling altar of Nemelex Xobeh.
     1 | D        | Found a burning altar of Makhleb.
     1 | D        | Found an iron altar of Okawaru.
     1 | D        | Found a deep blue altar of Sif Muna.
     1 | D        | Found a radiant altar of Vehumet.
     1 | D        | Found a bloodstained altar of Trog.
     1 | D        | Found a shimmering altar of Xom.
     9 | D        | Became a worshipper of Dithmenos the Shadowed
    11 | D        | Killed Blork the orc
    37 | D        | Reached skill level 5 in Dodging
    37 | D        | Reached skill level 8 in Stealth
    37 | D        | Reached XP level 2. HP: 14/16 MP: 2/4
    78 | D        | Entered arena 1.
    78 | D        | Noticed a merfolk
    78 | D        | Noticed a merfolk
    80 | D        | Slain by a merfolk

Vault maps used:
D:        sprint_v

Action                   || total
-------------------------++-------
  Use: Potion            ||     1
